 Dungeon Crawl Stone Soup version 0.29.0-4-gdea44cf6ec (webtiles) character file.

Game seed: 13342746288178715611

247 qw the Chopper (level 6, -2/35 HPs)
             Began as a Tengu Warper on Aug 28, 2022.
             Slain by an orc priest
             ... wielding a +0 war axe
              (5 damage)
             ... on level 4 of the Dungeon.
             The game lasted 00:00:17 (4130 turns).

qw the Chopper (Tengu Warper)                       Turns: 4130, Time: 00:00:18

Health: -2/35      AC:  8    Str: 14    XL:     6   Next: 11%
Magic:  0/10       EV:  8    Int: 13    God:
Gold:   204        SH:  0    Dex: 13    Spells: 9/9 levels left

rFire   . . .      SeeInvis .   b - +0 hand axe (spect)
rCold   . . .      Faith    .   (no shield)
rNeg    . . .      Spirit   +   e - +0 chain mail
rPois   .          Reflect  .   (helmet restricted)
rElec   .          Harm     .   (no cloak)
rCorr   .          Rampage  .   (no gloves)
Will    .....                   (boots unavailable)
Stlth   ..........              j - amulet of guardian spirit
HPRegen 0.11/turn               (no ring)
MPRegen 0.12/turn               (no ring)

@: flying quickly and evasively, quick
A: beak, talons 3, nimble flight
a: no special abilities


You were on level 4 of the Dungeon.
You visited 1 branch of the dungeon, and saw 4 of its levels.

You collected 204 gold pieces.


Innate Abilities, Weirdness & Mutations

You have a beak for a mouth.
You have claws for feet.
Your magical nature lets you fly swiftly and evasively.


   Skills:
 - Level 2.0 Fighting
 + Level 6.4 Axes
 - Level 1.0 Throwing
 - Level 2.4 Armour
 - Level 2.1 Dodging
 - Level 2.0 Spellcasting
 - Level 2.4 Translocations


You had 9 spell levels left.
You didn't know any spells.
Your spell library contained the following spells:

 Spells                   Type           Power      Damage    Failure   Level
 Blink                    Tloc           14%        N/A       98%         2
 Gell's Gravitas          Tloc           7%         N/A       100%        3
 Lesser Beckoning         Tloc           7%         N/A       100%        3
 Teleport Other           Tloc           7%         N/A       100%        3
 Manifold Assault         Tloc           7%         N/A       100%        5

Inventory:

Hand Weapons
 b - a +0 spectral hand axe (weapon)
 m - a +0 whip
Armour
 e - a +0 chain mail (worn)
Jewellery
 j - an amulet of guardian spirit (around neck)
Scrolls
 a - a scroll of identify
 l - 2 scrolls of teleportation
Potions
 c - a potion of ambrosia {unknown}
 d - a potion of cancellation {unknown}
 f - a potion of haste
 g - a potion of berserk rage {unknown}
 h - a potion of might {unknown}
 i - a potion of invisibility {unknown}
 k - a potion of mutation {unknown}

Dungeon Overview and Level Annotations

Branches:
Dungeon (4/15)
 Temple: D:4-7

Altars:
Cheibriados
Dithmenos
Gozag
Nemelex Xobeh

Annotations:
D:3 1 runed translucent door, Crazy Yiuf


Message History

The orc wizard closely misses your +0 spectral hand axe.
The orc wizard barely misses you.
You hit the orc wizard.
The orc wizard is severely wounded.
Your +0 spectral hand axe hits the orc wizard!
You kill the orc wizard!
Your +0 spectral hand axe hits the orc wizard.
The orc priest hits your +0 spectral hand axe with a +0 mace.
Your spectral weapon shares its damage with you!
Your Armour skill increases to level 2!
You barely miss the orc wizard. You claw the orc wizard.
The orc wizard is heavily wounded.
Your +0 spectral hand axe hits the orc wizard.
Your +0 spectral hand axe hits the orc priest.
The orc priest barely misses your +0 spectral hand axe.
The orc wizard completely misses you.
You barely miss the orc wizard. Your kick misses the orc wizard.
You peck the orc wizard.
You kill the orc wizard!
An orc priest comes into view. It is wielding a +0 short sword.
An orc wizard comes into view. It is wielding a +0 dagger.
You have reached level 6!
The orc priest shouts!
You hit the orc priest. Your peck misses the orc priest.
The orc priest is moderately wounded.
Your +0 spectral hand axe barely misses the orc priest.
The orc priest closely misses your +0 spectral hand axe.
The orc priest closely misses you.
The orc priest calls upon Beogh to heal the orc priest.
The orc priest's wounds heal themselves!
You hit the orc priest.
The orc priest is lightly wounded.
Your +0 spectral hand axe hits the orc priest!
Your +0 spectral hand axe hits the orc priest.
The orc misses your +0 spectral hand axe.
The orc priest mumbles some strange prayers to Beogh against you.
Beogh smites you!
The orc priest misses your +0 spectral hand axe.
The orc priest hits you with a +0 war axe.
You die...

....#<....#.....#
#.7.#.....#....#
#...####.?#....#
#...#.....#....#
#..%##...[....#
#..%..........#
#.#.#..........#
#...###..####.....
#..@# ##.# ...#.
#..)oo....# ..#
#..o(oo...# ...
#..###K#### ...
... ..o. ##.. ...
##. ..# #. #.#


You could see 3 orc priests, 2 orc wizards, an orc, a kobold and a friendly +0
spectral hand axe (summoned).

Vanquished Creatures
  An iguana (D:3)
  Natasha (thrice) (D:2)
  3 orc wizards
  2 adders
  2 worms
  2 dart slugs
  3 orcs (D:3)
  4 bats
  2 endoplasms
  5 goblins
  4 hobgoblins
  3 jackals (D:4)
  4 kobolds
  A quokka (D:2)
  5 ball pythons
  2 frilled lizards (D:3)
  5 rats
51 creatures vanquished.

Notes
Turn   | Place    | Note
-------+----------+-------------------------------------------
     0 | D:1      | qw the Tengu Warper began the quest for the Orb.
     0 | D:1      | Reached XP level 1. HP: 12/12 MP: 4/4
     0 | D:1      | 0 ||| qw: Version: 0.1-a-89-g26bdef1
     0 | D:1      | 0 ||| qw: Game counter: 1312
     0 | D:1      | 0 ||| qw: Always use a shield: true
     0 | D:1      | 0 ||| qw: God list: Okawaru
     0 | D:1      | 0 ||| qw: Allow faded altars: false
     0 | D:1      | 0 ||| qw: Do Orc after D:15 true
     0 | D:1      | 0 ||| qw: Do second Lair branch before Depths: true
     0 | D:1      | 0 ||| qw: Lair rune preference: random
     0 | D:1      | 0 ||| qw: Plans: Normal
     0 | D:1      | 0 ||| PLANNING D:1-11
   117 | D:1      | 117 ||| Stepping ~*~*~tactically~*~*~ (hiding).
   219 | D:1      | 219 ||| Stepping ~*~*~tactically~*~*~ (hiding).
   512 | D:1      | Reached XP level 2. HP: 17/17 MP: 6/6
   521 | D:1      | Reached skill level 3 in Axes
  1259 | D:1      | 1259 ||| UPGRADING to +0 chain mail.
  1269 | D:1      | 1269 ||| DROPPING +0 leather armour.
  1270 | D:1      | 1270 ||| UPGRADING to amulet of guardian spirit.
  1275 | D:1      | 1275 ||| READING scroll labelled GAHECSAODA.
  1276 | D:1      | 1276 ||| READING scroll labelled DOIZXY TOUG.
  1277 | D:1      | 1277 ||| DROPPING scroll of blinking.
  1310 | D:2      | Reached XP level 3. HP: 18/21 MP: 7/7
  1310 | D:2      | 1310 ||| FLEEEEING.
  1311 | D:2      | 1311 ||| FLEEEEING.
  1312 | D:2      | 1312 ||| FLEEEEING.
  1313 | D:2      | 1313 ||| STAIRDANCE
  1353 | D:2      | 1353 ||| STAIRDANCE
  1684 | D:2      | Noticed Natasha
  1695 | D:2      | Killed Natasha
  1696 | D:2      | Reached skill level 4 in Axes
  1971 | D:2      | Reached XP level 4. HP: 26/26 MP: 8/8
  2018 | D:2      | Noticed Natasha
  2025 | D:2      | Killed Natasha
  2026 | D:2      | Reached skill level 5 in Axes
  2491 | D:2      | Noticed Natasha
  2502 | D:2      | Killed Natasha
  2766 | D:2      | 2766 ||| READING scroll labelled PIYJ VIVEOPNUILE.
  2767 | D:2      | 2767 ||| READING scroll labelled YDIMO LIANK.
  2849 | D:3      | Gained mutation: Your magical nature lets you fly swiftly
                  | and evasively. [Tengu growth]
  2849 | D:3      | Reached XP level 5. HP: 30/30 MP: 9/9
  3211 | D:3      | Found a runed translucent door.
  3212 | D:3      | Noticed Crazy Yiuf
  3348 | D:3      | Found a sparkling altar of Nemelex Xobeh.
  3348 | D:3      | Found an opulent altar of Gozag.
  3471 | D:3      | 3471 ||| DROPPING +0 club.
  3496 | D:3      | Reached skill level 6 in Axes
  3497 | D:3      | 3497 ||| Stepping ~*~*~tactically~*~*~ (hiding).
  3989 | D:3      | 3989 ||| READING 3 scrolls of teleportation.
  4103 | D:4      | Found a shadowy altar of Dithmenos.
  4104 | D:4      | 4104 ||| Stepping ~*~*~tactically~*~*~ (stealth).
  4112 | D:4      | Found a snail-covered altar of Cheibriados.
  4117 | D:4      | 4117 ||| Stepping ~*~*~tactically~*~*~ (hiding).
  4129 | D:4      | Reached XP level 6. HP: 15/35 MP: 4/10
  4130 | D:4      | HP: 3/35 [orc priest/divine providence (12)]
  4130 | D:4      | Slain by an orc priest

Levels and vault maps discovered:
D:1:      minmay_arrival_doors, layout_basic
D:2:      layout_basic, reono_crystal_passage, chequers_decorated_corner,
          wad_floor_pattern_untrapped, st_stairs_7, grunt_ministairs_6,
          corexii_hall_statues_s, feat_on_display, uniq_natasha
D:3:      layout_basic, grunt_temple_overflow_opulence, minmay_crystal_water,
          kennysheep_generic_room_6, uniq_crazy_yiuf_cottage
D:4:      layout_cave_pools, nicolae_overflow_hallway_of_the_gods,
          minmay_temple_entry_grid

Skill      XL: |  1  2  3  4  5 |
---------------+----------------+-----
Axes           | 3 4 5 6 |  6.4
Armour         | 2 |  2.4
Fighting       | |  2.0
Throwing       | |  1.0
Dodging        | |  2.1
Spellcasting   | |  2.0
Translocations | |  2.4

Action                   |  1- 3 |  4- 6 || total
-------------------------+-------+-------++-------
Melee: Hand axe          |    46 |    63 ||   109
       Kick              |     9 |    13 ||    22
       Peck              |     3 |     8 ||    11
       Punch             |     1 |     1 ||     2
Throw: Boomerang         |     7 |       ||     7
  Use: Scroll            |     2 |     3 ||     5
Armor: Chain mail        |    13 |    33 ||    46
       Leather armour    |     3 |       ||     3
Dodge: Dodged            |     5 |    16 ||    21

Table legend:
 A = Non-vault XP
 B = Vault XP
 C = Vault XP percentage of total XP
 D = Non-vault monster count
 E = Vault monster count
 F = Vault count percentage of total count
                 A         B        C        D         E       F
            +---------+---------+-------+---------+---------+-------
      Total |     245 |     108 |  30.6 |      44 |       7 |  13.7
            +---------+---------+-------+---------+---------+-------
        D:1 |      19 |       0 |   0.0 |      11 |       0 |   0.0
        D:2 |      84 |      55 |  39.6 |      11 |       4 |  26.7
        D:3 |      65 |      53 |  44.9 |      17 |       3 |  15.0
        D:4 |      77 |       0 |   0.0 |       5 |       0 |   0.0
            +---------+---------+-------+---------+---------+-------
